 Dungeon Crawl Stone Soup version 0.30-a0-715-gdb4ae3ece1 (webtiles) character file.

Game seed: 14710683220999967625

150 wormed the Firebug (level 5, -3/37 HPs)
             Began as a Gnoll Wanderer on Jan 24, 2023.
             Slain by a hobgoblin
             ... wielding a +0 club
              (4 damage)
             ... on level 3 of the Dungeon.
             The game lasted 00:03:41 (3204 turns).

wormed the Firebug (Gnoll Wanderer)                 Turns: 3204, Time: 00:03:42

Health: -3/37      AC:  4    Str: 11 (14) XL:     5   Next: 32%
Magic:  12/12      EV: 11    Int: 12      God:
Gold:   206        SH:  0    Dex:  9 (10) Spells: 14/14 levels left

rFire   . . .      SeeInvis .    h - +0 mace (freeze)
rCold   . . .      Faith    .    (no shield)
rNeg    . . .      Spirit   .    c - +1 leather armour
rPois   .          Reflect  .    (no helmet)
rElec   .          Harm     .    (no cloak)
rCorr   .          Rampage  .    (no gloves)
Will    .....                    (no boots)
Stlth   +                        (no amulet)
HPRegen 0.26/turn                (no ring)
MPRegen 0.13/turn                (no ring)

@: no status effects
A: fangs 1, strong nose, distributed training
a: no special abilities


You were on level 3 of the Dungeon.
You visited 1 branch of the dungeon, and saw 3 of its levels.

You collected 206 gold pieces.

Inventory:

Hand Weapons
 a - a +0 club
 h - a +0 mace of freezing (weapon)
Armour
 c - a +1 leather armour (worn)
Wands
 d - a wand of polymorph (6) (quivered)
Scrolls
 g - 2 scrolls of teleportation
 i - a scroll of identify
 j - a scroll of blinking {unknown}
Potions
 b - a potion of attraction
 e - a potion of curing
 f - a potion of cancellation {unknown}


   Skills:
 + Level 1.5 Fighting
 + Level 1.5 Short Blades
 + Level 1.5 Long Blades
 + Level 1.5 Axes
 + Level 1.5 Maces & Flails
 + Level 1.5 Polearms
 + Level 1.5 Staves
 + Level 1.5 Ranged Weapons
 + Level 3.0 Throwing
 + Level 1.5 Armour
 + Level 1.5 Dodging
 + Level 1.5 Stealth
 + Level 1.5 Shields
 + Level 1.5 Unarmed Combat
 + Level 5.2 Spellcasting
 + Level 1.2 Conjurations
 + Level 1.2 Hexes
 + Level 1.2 Summonings
 + Level 2.4 Necromancy
 + Level 1.2 Translocations
 + Level 1.2 Transmutations
 + Level 5.5 Fire Magic
 + Level 1.2 Ice Magic
 + Level 1.2 Air Magic
 + Level 1.2 Earth Magic
 + Level 1.2 Poison Magic
 + Level 3.1 Invocations
 + Level 4.8 Evocations


You had 14 spell levels left.
You didn't know any spells.
Your spell library contained the following spells:

 Spells                   Type           Power      Damage    Failure   Level
 Foxfire                  Conj/Fire      44%        2x1d6     6%          1
 Kiss of Death            Conj/Necr      28%        2d7       12%         1
 Inner Flame              Hex/Fire       11%        N/A       19%         3
 Vampiric Draining        Necr           8%         2d6       28%         3
 Sticky Flame             Conj/Fire      11%        2d3       54%         4


Dungeon Overview and Level Annotations

Branches:
Dungeon (3/15)

Altars:
Trog

Shops:
D:2 [


Innate Abilities, Weirdness & Mutations

You have very sharp teeth.
Your uncanny sense of smell can sniff out nearby items.
Your experience applies equally to all skills.


Message History

You are too injured to fight recklessly!
You are too injured to fight recklessly!
You are too injured to fight recklessly!
You are too injured to fight recklessly!
You are too injured to fight recklessly!
You are too injured to fight recklessly!
You are too injured to fight recklessly!
You are too injured to fight recklessly!
You are too injured to fight recklessly!
You are too injured to fight recklessly!
You are too injured to fight recklessly!
You are too injured to fight recklessly!
You hit the gnoll. You freeze the gnoll.
You kill the gnoll!
The goblin hits you with a +0 club.
You hit the hobgoblin. You freeze the hobgoblin.
You kill the hobgoblin!
The goblin hits you with a +0 club. The hobgoblin hits you with a +0 club.
* * * LOW HITPOINT WARNING * * *
The goblin closely misses you.
You hit the hobgoblin. You freeze the hobgoblin.
You kill the hobgoblin!
The goblin barely misses you. The hobgoblin barely misses you.
The goblin barely misses you.
The goblin hits you from afar with a +0 spear.
* * * LOW HITPOINT WARNING * * *
The goblin hits you but does no damage. The hobgoblin hits you with a +0 club.
* * * LOW HITPOINT WARNING * * *
You barely miss the hobgoblin. Your bite misses the hobgoblin.
The goblin hits you but does no damage. The hobgoblin closely misses you.
The goblin hits you but does no damage.
You hit the goblin. You freeze the goblin.
You kill the goblin!
The hobgoblin barely misses you. The goblin hits you but does no damage.
You closely miss the hobgoblin. The hobgoblin barely misses you.
The goblin misses you.
The goblin hits you from afar with a +0 spear.
* * * LOW HITPOINT WARNING * * *
The hobgoblin hits you with a +0 club.
You die...

#######################
#....#......)#.........
#....#......)'.........
##....#########.........
#......#..........#####
+......'..........#
#......#..........########
##....#########...........
#....#).....g@)..........
#....#.....g)#...........
#####''#########################
≈≈~~....~~≈≈≈≈≈≈≈≈≈≈≈≈≈≈≈≈≈≈≈≈≈##
≈≈~~.....~≈≈≈≈≈≈~≈≈≈≈≈≈≈≈≈≈≈≈≈≈≈≈
≈~~~.....~~~~~≈≈~~~~~~~~~~~~~≈~~≈
.~~.....~~~..~~~~..~...~.~..~~~~~
.................................
.................................


You could see a hobgoblin and a goblin.

Vanquished Creatures
  2 gnolls (D:3)
  3 adders
  A worm (D:2)
  4 orcs (D:3)
  5 ball pythons
  8 endoplasms
  3 giant cockroaches
  13 goblins
  12 hobgoblins
  8 jackals
  2 quokkas
  5 bats
  6 frilled lizards
  4 kobolds
  8 rats
84 creatures vanquished.

Vanquished Creatures (others)
  A plant (D:2)
  A withered plant (D:2)
2 creatures vanquished.

Grand Total: 86 creatures vanquished

Notes
Turn   | Place    | Note
-------+----------+-------------------------------------------
     0 | D:1      | wormed the Gnoll Wanderer began the quest for the Orb.
     0 | D:1      | wormed set off with the following items: a +0 club, a
                  | potion of berserk rage, a +0 leather armour, a wand of
                  | polymorph (6); and the following spells available to
                  | memorise: Foxfire, Kiss of Death, Inner Flame, Vampiric
                  | Draining, Sticky Flame.
     0 | D:1      | Reached XP level 1. HP: 13/13 MP: 6/6
   115 | D:1      | Reached XP level 2. HP: 5/19 MP: 7/7
   694 | D:1      | Reached skill level 5 in Spellcasting
   694 | D:1      | Reached XP level 3. HP: 16/25 MP: 7/9
  1213 | D:2      | Found a faded altar of an unknown god.
  1396 | D:2      | Reached skill level 1 in Fighting
  1396 | D:2      | Reached skill level 1 in Short Blades
  1396 | D:2      | Reached skill level 1 in Long Blades
  1396 | D:2      | Reached skill level 1 in Axes
  1396 | D:2      | Reached skill level 1 in Maces & Flails
  1396 | D:2      | Reached skill level 1 in Polearms
  1396 | D:2      | Reached skill level 1 in Staves
  1396 | D:2      | Reached skill level 1 in Ranged Weapons
  1396 | D:2      | Reached skill level 1 in Armour
  1396 | D:2      | Reached skill level 1 in Dodging
  1396 | D:2      | Reached skill level 1 in Stealth
  1396 | D:2      | Reached skill level 1 in Shields
  1396 | D:2      | Reached skill level 1 in Unarmed Combat
  1535 | D:2      | Reached XP level 4. HP: 13/32 MP: 11/11
  1920 | D:2      | Found Gurhucel's Armour Emporium.
  2253 | D:3      | Reached skill level 1 in Conjurations
  2253 | D:3      | Reached skill level 1 in Hexes
  2253 | D:3      | Reached skill level 1 in Summonings
  2253 | D:3      | Reached skill level 1 in Translocations
  2253 | D:3      | Reached skill level 1 in Transmutations
  2253 | D:3      | Reached skill level 1 in Ice Magic
  2253 | D:3      | Reached skill level 1 in Air Magic
  2253 | D:3      | Reached skill level 1 in Earth Magic
  2253 | D:3      | Reached skill level 1 in Poison Magic
  2773 | D:3      | Found a bloodstained altar of Trog.
  3082 | D:3      | Reached XP level 5. HP: 37/37 MP: 12/12
  3204 | D:3      | HP: 1/37 [goblin/+0 spear (4)]
  3204 | D:3      | Slain by a hobgoblin

Illustrated notes

Levels and vault maps discovered:
D:1:      lightli_iron_boxes, layout_loops_ring, minmay_tetromino_l2
D:2:      layout_basic, serial_shops, shop,
          shapermc_ecumenical_altar_flowoftime, minmay_tall_x
D:3:      minmay_goblin_kobold_castle, layout_loops_ring, lightli_temple_of_fire

Skill      XL: |  1  2  3  4  5 |
---------------+----------------+-----
Necromancy     | 2 |  2.4
Spellcasting   | 5 |  5.2
Fighting       | 1 |  1.5
Short Blades   | 1 |  1.5
Long Blades    | 1 |  1.5
Axes           | 1 |  1.5
Maces & Flails | 1 |  1.5
Polearms       | 1 |  1.5
Staves         | 1 |  1.5
Ranged Weapons | 1 |  1.5
Armour         | 1 |  1.5
Dodging        | 1 |  1.5
Stealth        | 1 |  1.5
Shields        | 1 |  1.5
Unarmed Combat | 1 |  1.5
Conjurations   | 1 |  1.2
Hexes          | 1 |  1.2
Summonings     | 1 |  1.2
Translocations | 1 |  1.2
Transmutations | 1 |  1.2
Ice Magic      | 1 |  1.2
Air Magic      | 1 |  1.2
Earth Magic    | 1 |  1.2
Poison Magic   | 1 |  1.2
Invocations    | 3 |  3.1
Throwing       | 3 |  3.0
Fire Magic     | |  5.5
Evocations     | |  4.8

Action                     |  1- 3 |  4- 6 || total
---------------------------+-------+-------++-------
  Melee: Club              |   167 |       ||   167
         Bite              |    20 |    10 ||    30
         Mace              |    38 |   153 ||   191
    Use: Potion            |     4 |     3 ||     7
         Scroll            |       |     5 ||     5
   Stab: Sleeping          |     1 |     1 ||     2
 Armour: Leather armour    |    72 |    58 ||   130
  Dodge: Dodged            |   149 |   145 ||   294

Table legend: (Time is in decaauts)
 A = Elapsed time spent in this place.
 B = Non-inter-level travel time spent in this place.
 C = Inter-level travel time spent in this place.
 D = Time resting spent in this place.
 E = Time spent auto-exploring this place.
 F = Levels seen in this place.
 G = Mean time per level.
                   A        B        C        D        E       F      G
               +--------+--------+--------+--------+--------+-----+--------+
         Total |   3326 |   3256 |     70 |     58 |   2439 |   3 | 1108.7 |
       Dungeon |   3326 |   3256 |     70 |     58 |   2439 |   3 | 1108.7 |
               +--------+--------+--------+--------+--------+-----+--------+

Top non-repeatable levels by time:
     D:1: 1141 daAuts
     D:3: 1098 daAuts
     D:2: 1087 daAuts
